 Dungeon Crawl Stone Soup version 0.30.0-10-gfe55d96785 (webtiles) character file.

Game seed: 10609406810342094755

812 browni3141 the Magician (level 8, -2/56 HPs)
             Began as a Djinni Fighter on May 16, 2023.
             Was an Initiate of Yredelemnul.
             Slain by a gnoll
             ... wielding a +0 flail
              (7 damage)
             ... on level 5 of the Dungeon.
             The game lasted 00:07:16 (4029 turns).

browni3141 the Magician (Djinni Fighter)            Turns: 4029, Time: 00:07:16

Health: -2/56      AC:  4    Str: 15    XL:     8   Next: 15%
Gold:   116        EV: 12    Int: 10    God:    Yredelemnul [......] SH:  0 Dex: 15

rFire   + + .        a - +0 long sword
rCold   x . .        (no shield)
rNeg    . . .        R - +1 robe {Archmagi}
rPois   ∞            (no helmet)
rElec   .            (no cloak)
rCorr   .            x - +0 pair of gloves
SInv    .            (boots unavailable)
Will    .....        (no amulet)
Stlth   +            (no ring)
HPRegen 0.29/turn    (no ring)
MPRegen 0.00/turn

%: archmagi, infuse magic (-3 HP)
@: flying
A: sickness immunity, fire resistance 2, cold vulnerability 1, float, innate
caster, HP casting, extra vitality 1
a: Renounce Religion, Recall Undead Harvest


You were on level 5 of the Dungeon.
You worshipped Yredelemnul.
Yredelemnul was noncommittal.
You visited 2 branches of the dungeon, and saw 6 of its levels.
You also visited: Sewer.

You collected 116 gold pieces.

Inventory:

Hand Weapons
 a - a +0 long sword (weapon)
 b - a +3 longbow
Missiles
 C - 4 poisoned darts
 I - 3 atropa-tipped darts
 J - 2 curare-tipped darts (quivered)
 T - 2 boomerangs
Armour
 c - a +0 buckler
 x - a +0 pair of gloves (worn)
 z - a +1 ring mail of willpower
 D - a +0 scale mail
 P - a +0 helmet
 R - a +1 robe of the Archmagi (worn)
 U - a +0 helmet
Jewellery
 X - a +4 ring of protection
Wands
 p - a wand of polymorph (7)
 B - a wand of digging (5)
Scrolls
 y - a scroll of amnesia {unknown}
 A - a scroll of poison {unknown}
 E - a scroll of fear {unknown}
 F - a scroll of enchant weapon {unknown}
 K - a scroll of immolation {unknown}
 L - 2 scrolls of noise {unknown}
 N - 9 scrolls of identify {unknown}
 S - a scroll of brand weapon {unknown}
 V - a scroll of magic mapping {unknown}
 Y - a scroll of fog {unknown}
 Z - 2 scrolls of vulnerability {unknown}
Potions
 G - a potion of invisibility {unknown}
 H - a potion of magic {unknown}
 M - 2 potions of might
 O - 5 potions of heal wounds {unknown}
 Q - 3 potions of mutation {unknown}
 W - 4 potions of brilliance {unknown}


   Skills:
 - Level 3.5 Fighting
 - Level 3.1 Long Blades
 * Level 2.7 Ranged Weapons
 - Level 2.0 Throwing
 - Level 3.4 Armour
 - Level 2.5 Dodging
 - Level 3.0 Shields
 - Level 4.0 Spellcasting


You knew the following spells:

 Your Spells              Type           Power      Damage    Failure   Level
p - Portal Projectile     Hex/Tloc       30%        N/A       14%         3
z - Foxfire               Conj/Fire      60%        2x1d7     4%          1
B - Blink                 Tloc           30%        N/A       8%          2
Your spell library was empty.

Dungeon Overview and Level Annotations

Branches:
Dungeon (5/15)             Temple (1/1) D:5           Sewer (visited)

Altars:
Ashenzari
Fedhas
Nemelex Xobeh
Qazlal
Trog
Wu Jian
Xom
Yredelemnul
Zin
The Shining One

Shops:
D:3 !

Annotations:
D:5 1 runed translucent door, Chadd's ghost, novice HOMo


Innate Abilities, Weirdness & Mutations

You are immune to sickness and miasma.
You are immune to poison.
Your flesh is very heat resistant. (rF++)
You are vulnerable to cold. (rC-)
You float through the air rather than walking.
You learn spells naturally, not from books.
Your magical power is your life essence.
You have superior vitality. (+4 MHP)


Message History

Found a runed translucent door.
Chadd's ghost turns its malevolent gaze towards you.
A hound comes into view.
You shoot an arrow.
The arrow hits the hound but does no damage.
Really fire in your hound zombie's direction? [Y]es or [N]o only, please.
Really fire in your hound zombie's direction? [Y]es or [N]o only, please.
Really fire in your hound zombie's direction?
Okay, then.
a - a +0 long sword (weapon)
Your hound zombie bites the hound.
You swap places.
The hound misses you. The hound closely misses you.
You hit the hound.
The hound is lightly wounded.
The hound misses you.
Your hound zombie bites the hound.
The hound bites you but does no damage.
You slash the hound!
The hound is almost dead.
The hound closely misses you.
Your hound zombie misses the hound.
The hound bites you.
You barely miss the hound.
The hound is almost dead.
Your hound zombie closely misses the hound.
The hound misses you.
Your hound zombie closely misses the hound.
The hound bites you but does no damage.
You hit the hound.
You kill the hound!
Training target 4.0 for Spellcasting reached!
Your Ranged Weapons skill increases to level 2!
Your Spellcasting skill increases to level 4!
You have reached level 8!
You feel agile.
b - a +3 longbow (weapon)
HP restored.
An ogre comes into view. It is wielding a +0 giant club.
An ogre is nearby!
An ogre is nearby!
You shoot an arrow. The arrow hits the ogre!
The ogre is moderately wounded.
A gnoll comes into view. It is wielding a +0 flail.
A gnoll comes into view. It is wielding a +0 whip.
You shoot an arrow. The arrow hits the ogre.
The ogre is heavily wounded.
A gnoll comes into view. It is wielding a +0 whip.
You shoot an arrow. The arrow barely misses the ogre.
The arrow hits the gnoll!
The gnoll is heavily wounded.
Your hound zombie bites the ogre.
The ogre hits your hound zombie with a +0 giant club!!
Your hound zombie is destroyed!
The ogre shouts!
You shoot an arrow. The arrow hits the ogre!
The ogre is almost dead.
You shoot an arrow. The arrow barely misses the ogre.
The arrow hits the gnoll.
The gnoll is almost dead.
The ogre barely misses you.
a - a +0 long sword (weapon)
You hit the ogre but do no damage.
The ogre is almost dead.
The ogre hits you with a +0 giant club!
You hit the ogre but do no damage.
The ogre is almost dead.
The gnoll hits you with a +0 whip! The ogre closely misses you.
The gnoll hits you with a +0 flail.
* * * LOW HITPOINT WARNING * * *
The gnoll hits you with a +0 whip.
* * * LOW HITPOINT WARNING * * *
Unknown command.
You slash the ogre!
You kill the ogre!
The gnoll closely misses you. The gnoll hits you with a +0 whip.
* * * LOW HITPOINT WARNING * * *
You slash the gnoll!
You kill the gnoll!
The gnoll closely misses you. The gnoll barely misses you.
Throw: 3 darts (curare)
Press: ? - help, Q - select action, (/) - cycle Shift-Dir - straight line, f - gnoll
Aim: a gnoll, wielding a +0 flail (64% to hit)
You throw a curare-tipped dart. The curare-tipped dart hits the gnoll.
The gnoll is poisoned.
The gnoll convulses.
The gnoll seems to slow down.
The gnoll is moderately wounded.
The gnoll hits you with a +0 whip.
* * * LOW HITPOINT WARNING * * *
The gnoll hits you with a +0 flail!
* * * LOW HITPOINT WARNING * * *
You hit the gnoll but do no damage.
The gnoll is moderately wounded.
The gnoll closely misses you. The gnoll barely misses you.
You hit the gnoll.
The gnoll is severely wounded.
The gnoll hits you with a +0 whip.
* * * LOW HITPOINT WARNING * * *
The gnoll hits you with a +0 whip.
* * * LOW HITPOINT WARNING * * *
The gnoll hits you with a +0 flail!
You die...
Your body rises from the dead as a mindless zombie.

#..#W$.# ...
##.#P8P# .......
#.######.......
#.....#......#
##...........#
#...........# .
#..........##...
#..#....g).....#
....###...@)..$.#
....# ###..g....#
#..# ##....#.#
#.# #...## #.
##.## .# .# .#


You could see 2 gnolls.

Vanquished Creatures
  Edmund (D:4)
  An ogre (D:5)
  3 scorpions (D:5)
  2 hounds (D:5)
  3 jellies (Sewer)
  An orc priest (D:5)
  Ijyb (D:4)
  Robin (D:2)
  10 adders
  A gnoll (D:5)
  A river rat (Sewer)
  5 worms
  A dart slug (D:3)
  2 orcs (D:4)
  8 endoplasms
  3 giant cockroaches
  13 goblins
  8 hobgoblins
  4 quokkas
  10 ball pythons
  5 bats
  4 frilled lizards
  12 kobolds
  8 rats
108 creatures vanquished.

Vanquished Creatures (others)
  A hound zombie (D:5)
  8 foxfires (Sewer)
9 creatures vanquished.

Grand Total: 117 creatures vanquished

Notes
Turn   | Place    | Note
-------+----------+-------------------------------------------
     0 | D:1      | browni3141 the Djinni Fighter began the quest for the Orb.
     0 | D:1      | Reached XP level 1. HP: 20/20 MP: 0/0
   125 | D:1      | Reached XP level 2. HP: 7/25 MP: 0/0
   530 | D:1      | Reached XP level 3. HP: 21/30 MP: 0/0
   530 | D:1      | Learned a level 1 spell: Foxfire
   919 | D:2      | Noticed Robin
   966 | D:2      | Killed Robin
  1046 | D:2      | Reached XP level 4. HP: 33/35 MP: 0/0
  1283 | D:2      | Found a faded altar of an unknown god.
  1530 | D:3      | Found Elaomiuhu's Distillery.
  1571 | D:3      | Found a glowing drain.
  1592 | D:3      | Noticed an ice beast
  1598 | D:3      | an ice beast changed into an adder
  1648 | D:3      | Reached XP level 5. HP: 34/40 MP: 0/0
  1648 | D:3      | Learned a level 2 spell: Blink
  1660 | D:3      | Reached skill level 3 in Long Blades
  1687 | Sewer    | Entered a sewer
  1873 | Sewer    | Reached skill level 1 in Spellcasting
  1925 | Sewer    | Reached XP level 6. HP: 46/46 MP: 0/0
  1964 | Sewer    | Reached skill level 2 in Spellcasting
  2037 | Sewer    | Found a viscous altar of Jiyva.
  2707 | D:4      | Noticed Edmund
  2912 | D:4      | Noticed Ijyb
  2944 | D:4      | Killed Ijyb
  2945 | D:4      | Reached skill level 3 in Spellcasting
  3020 | D:4      | Killed Edmund
  3021 | D:4      | Reached XP level 7. HP: 39/50 MP: 0/0
  3021 | D:4      | Learned a level 3 spell: Portal Projectile
  3459 | D:5      | Entered Level 5 of the Dungeon
  3521 | D:5      | Found an ornate altar of the Wu Jian Council.
  3634 | D:5      | Found a staircase to the Ecumenical Temple.
  3656 | Temple   | Entered the Ecumenical Temple
  3958 | Temple   | Became a worshipper of Yredelemnul the Dark
  3988 | D:5      | Found a runed translucent door.
  3988 | D:5      | Noticed Chadd's ghost (novice HOMo)
  4009 | D:5      | Reached skill level 4 in Spellcasting
  4009 | D:5      | Reached XP level 8. HP: 55/56 MP: 0/0
  4029 | D:5      | Slain by a gnoll

Illustrated notes

Levels and vault maps discovered:
D:1:      saegor_arrival_simple_b, layout_rooms, minmay_pentomino_r2
D:2:      layout_basic, chequers_ecumenical_altar_grove, minmay_misc_feat_rows,
          uniq_robin
D:3:      layout_basic, gup_sewer_entry_glass, serial_shops,
          nicolae_shop_hallway_stairs
D:4:      layout_basic, uniq_edmund, uniq_ijyb
D:5:      layout_layer_cave, nicolae_wu_jian_wuxing_cycle,
          minmay_temple_entry_proselytizer, serial_shops,
          nicolae_shop_pleasant_corner_grove, gammafunk_ghost_grave
Temple:   bh_familiar_temple

Skill      XL: |  1  2  3  4  5  6  7 |
---------------+----------------------+-----
Long Blades    | 2 3 |  3.1
Dodging        | 1 2 |  2.5
Spellcasting   | 1 3 4 |  4.0
Throwing       | 1 2 |  2.0
Ranged Weapons | 2 |  2.7
Fighting       | |  3.5
Armour         | |  3.4
Shields        | |  3.0

Action                     |  1- 3 |  4- 6 |  7- 9 || total
---------------------------+-------+-------+-------++-------
  Melee: Long sword        |   100 |   244 |    37 ||   381
         Unarmed           |     7 |       |       ||     7
         Punch             |       |       |     1 ||     1
   Fire: Longbow           |       |       |    28 ||    28
  Throw: Dart              |     2 |     3 |     2 ||     7
   Cast: Foxfire           |       |     4 |       ||     4
  Evoke: Wand              |       |     1 |       ||     1
 Armour: Scale mail        |    59 |   111 |    10 ||   180
         Robe              |       |       |     4 ||     4
  Dodge: Dodged            |    58 |   128 |    29 ||   215
  Block: Buckler           |    31 |    69 |       ||   100
